 Dungeon Crawl Stone Soup version 0.30.1-11-g7821555f0a (webtiles) character file.

Game seed: 11691364003665120430

155 porpoise the Shooter (level 5, -5/41 HPs)
             Began as a Human Hunter on Jan 16, 2024.
             Killed from afar by an orc wizard (11 damage)
             ... with a puff of flame
             ... on level 3 of the Dungeon.
             The game lasted 00:05:06 (2134 turns).

porpoise the Shooter (Human Hunter)                 Turns: 2134, Time: 00:05:06

Health: -5/41      AC:  4    Str: 11    XL:     5   Next: 63%
Magic:  5/5        EV: 12    Int: 10    God:
Gold:   144        SH:  0    Dex: 18    Spells: 4/4 levels left

rFire   . . .        b - +4 dagger (drain)
rCold   . . .        (no shield)
rNeg    . . .        c - +0 leather armour
rPois   .            l - +0 helmet
rElec   .            (no cloak)
rCorr   .            (no gloves)
SInv    +            (no boots)
Will    .....        (no amulet)
Stlth   ++           h - ring of see invisible
HPRegen 0.26/turn    (no ring)
MPRegen 0.09/turn

%: no passive effects
@: no status effects
A: no striking features
a: no special abilities


You were on level 3 of the Dungeon.
You visited 1 branch of the dungeon, and saw 4 of its levels.

You collected 144 gold pieces.

Inventory:

Hand Weapons
 a - a +0 shortbow
 b - a +4 dagger of draining (weapon)
Missiles
 g - 7 poisoned darts
Armour
 c - a +0 leather armour (worn)
 l - a +0 helmet (worn)
Jewellery
 h - a ring of see invisible (left hand)
Scrolls
 d - a scroll of amnesia {unknown}
 i - a scroll of noise {unknown}
 k - a scroll of immolation
 m - a scroll of poison {unknown}
 n - 2 scrolls of butterflies {unknown}
 p - a scroll of teleportation {unknown}
Potions
 e - 2 potions of brilliance
 f - a potion of attraction
 j - a potion of magic
 o - a potion of curing {unknown}


   Skills:
 + Level 3.4 Fighting
 * Level 5.8 Ranged Weapons
 - Level 2.0 Dodging
 - Level 1.0 Stealth


You had 4 spell levels left.
You didn't know any spells.
Your spell library contained the following spells:

 Spells                   Type           Power      Damage    Failure   Level
 Vhi's Electric Charge    Tloc/Air       0%         N/A       83%         3
 Arcjolt                  Conj/Air       0%         1d10      100%        5
 Plasma Beam              Fire/Air       0%         2x1d11    100%        6


Dungeon Overview and Level Annotations

Branches:
Dungeon (4/15)
 Temple: D:4-7

Altars:


Message History

The orc wizard hits you but does no damage.
You closely miss the orc wizard. The orc hits you with a +0 hand axe.
The orc wizard closely misses you.
The orc wizard attacks as you move away!
The orc wizard hits you with a +0 dagger.
You barely miss the orc.
The orc wizard hits you but does no damage.
The orc hits you but does no damage.
You miss the orc wizard.
The orc wizard points at you and mumbles some strange words.
You resist with some effort. The orc misses you.
You miss the orc wizard. The orc wizard completely misses you.
The orc hits you with a +0 hand axe.
You're too confused to move!
The orc hits you with a +0 hand axe. The orc wizard completely misses you.
You hit the orc.
The orc is heavily wounded.
The orc wizard hits you with a +0 dagger.
* * * LOW HITPOINT WARNING * * *
The orc hits you with a +0 hand axe.
* * * LOW HITPOINT WARNING * * *
You feel less confused.
The orc wizard gestures at you while chanting.
The puff of flame hits you.
* * * LOW HITPOINT WARNING * * *
You hit the orc.
You kill the orc!
The orc wizard hits you with a +0 dagger.
* * * LOW HITPOINT WARNING * * *
Your life force feels restored.
You closely miss the orc wizard. The orc wizard closely misses you.
You barely miss the orc wizard.
The orc wizard hits you but does no damage.
You closely miss the orc wizard.
The orc wizard hits you but does no damage.
You hit the orc wizard.
The orc wizard is moderately wounded.
The orc wizard casts a spell at you. The puff of flame hits you!
You die...

#######
.!.....
.......###
....)....#
#######'##)#
.......>.o)#
#####.....@#
#......#
#......#
#......#
#......#
#......#
#......#
#......#
......##


You could see an orc wizard (invisible).

Vanquished Creatures
  An orc wizard (D:3)
  Robin (D:2)
  2 adders
  A worm (D:2)
  3 dart slugs (D:1)
  2 orcs (D:3)
  6 ball pythons
  7 endoplasms
  9 giant cockroaches (D:2)
  15 goblins
  11 hobgoblins
  4 jackals
  3 kobolds (D:1)
  2 quokkas (D:1)
  3 bats (D:1)
  4 frilled lizards
  10 rats
84 creatures vanquished.

Notes
Turn   | Place    | Note
-------+----------+-------------------------------------------
     0 | D:1      | porpoise the Human Hunter began the quest for the Orb.
     0 | D:1      | Reached XP level 1. HP: 16/16 MP: 1/1
   101 | D:1      | Reached XP level 2. HP: 22/22 MP: 2/2
   293 | D:1      | Reached XP level 3. HP: 28/28 MP: 3/3
   534 | D:2      | Noticed Robin
   697 | D:2      | Reached XP level 4. HP: 30/34 MP: 4/4
   705 | D:1      | Reached skill level 5 in Ranged Weapons
  1573 | D:2      | Reached XP level 5. HP: 40/41 MP: 5/5
  1622 | D:2      | Killed Robin
  2064 | D:2      | You fall into a shaft and drop 2 floors!
  2134 | D:3      | Killed from afar by an orc wizard

Illustrated notes

Levels and vault maps discovered:
D:1:      wander_arrival_estate, layout_rooms, minmay_close_crescents
D:2:      minmay_roachtagon, layout_loops_ring, uniq_robin
D:3:      layout_basic, chequers_temple_overflow_minitemple
D:4:      layout_loops_cross, serial_demonic, serial_demonic_f,
          serial_demonic_b, serial_demonic_a, serial_demonic_f

Skill      XL: |  1  2  3  4 |
---------------+-------------+-----
Ranged Weapons | 5 |  5.8
Fighting       | 3 |  3.4
Dodging        | |  2.0
Stealth        | |  1.0

Action                     |  1- 3 |  4- 6 || total
---------------------------+-------+-------++-------
  Melee: Dagger            |       |    15 ||    15
         Shortbow          |       |     1 ||     1
   Fire: Shortbow          |    89 |   123 ||   212
    Use: Scroll            |       |     3 ||     3
 Armour: Leather armour    |    16 |    41 ||    57
  Dodge: Dodged            |    31 |    85 ||   116
